 Dungeon Crawl Stone Soup version 0.13.1-2-gfb2c2b7 (webtiles) character file.

2230 Mitsuki the Covered (level 8, -8/77 HPs)
             Began as a Minotaur Fighter on Dec 3, 2013.
             Was a Believer of Fedhas.
             Mangled by a hill giant
             ... wielding a +0,+0 dire flail
              (23 damage)
             ... on Level 6 of the Dungeon.
             The game lasted 01:35:43 (6568 turns).

Mitsuki the Covered (Minotaur Fighter)              Turns: 6568, Time: 01:35:44

HP  -8/77        AC 16     Str 22      XL: 8   Next: 84%
MP   4/5         EV  4     Int  7      God: Fedhas [**....]
Gold 417         SH  0     Dex 11      Spells:  0 memorised,  7 levels left

Res.Fire  : . . .   See Invis. : .   a - +2,+0 trident
Res.Cold  : . . .   Warding    : .   g - +3 plate armour
Life Prot.: . . .   Conserve   : .   c - +0 shield (curse)
Res.Poison: .       Res.Corr.  : .   (helmet restricted)
Res.Elec. : .       Clarity    : .   (no cloak)
Sust.Abil.: . .     Spirit.Shd : .   (no gloves)
Res.Mut.  : .       Stasis     : .   (no boots)
Res.Rott. : .       Flight     : .   (no amulet)
Saprovore : . . .                    (no ring)
                                     l - ring of sustenance

@: confused, slightly resistant to hostile enchantments, extremely unstealthy
A: retaliatory headbutt, horns 2, +10% hp, screaming 1, Int +2
a: Evolution, Sunlight, Renounce Religion


You were on level 6 of the Dungeon.
You worshipped Fedhas.
Fedhas was pleased with you.
You were not hungry.

You visited 2 branches of the dungeon, and saw 9 of its levels.

You collected 397 gold pieces.

Inventory:

Hand weapons
 a - a +2,+0 trident (weapon)
 j - the +8,+0 mace "Wur Azy" {freeze, rN+ Dex+4}
   (You found it on level 6 of the Dungeon)

   It has been specially enchanted to freeze those struck by it, causing extra
   injury to most foes and up to double damage against particularly susceptible
   opponents.
   It can also slow down cold-blooded creatures.
   It affects your dexterity (+4).
   It protects you from negative energy.
Armour
 c - a cursed +0 shield (worn)
 d - a +3 orcish chain mail of poison resistance
 g - a +3 plate armour (worn)
Magical devices
 t - a wand of teleportation (2)
Comestibles
 m - a meat ration
 n - 3 bread rations
 o - a choko
 p - 12 grapes
Scrolls
 b - a scroll of identify
 f - a scroll of remove curse
 h - 2 scrolls of fog
 q - a scroll of curse jewellery {unknown}
 v - 2 scrolls of amnesia
Jewellery
 l - a ring of sustenance (left hand)
Potions
 e - 2 potions of curing
 k - a potion of might


   Skills:
 * Level 7.0 Fighting
 * Level 7.1 Polearms
 + Level 7.5 Armour
 + Level 4.0 Dodging
 - Level 6.2 Shields
 + Level 2.8 Invocations
 - Level 0.2 Evocations


You had 7 spell levels left.
You didn't know any spells.

Dungeon Overview and Level Annotations

Branches:
Dungeon (8/27)             Temple (1/1) D:5
    Orc: D:6-11        Lair: D:8-13

Altars:
Ashenzari
Cheibriados
Elyvilon
Fedhas
Kikubaaqudgha
Makhleb
Nemelex Xobeh
Okawaru
Sif Muna
Trog
Vehumet
Xom
Yredelemnul
Zin
the Shining One

Shops:
D:5 =   D:7 [?


Innate Abilities, Weirdness & Mutations

You reflexively headbutt those who attack you in melee.
You have a pair of horns on your head.
Your mind is acute. (Int +2)
You are robust (+10% HP).
You occasionally shout uncontrollably.


Message History

Attack!
The hill giant seems less confused.
Are you sure you want to stumble around while confused and next to your ballistomycete? [Y]es or [N]o only, please.
Are you sure you want to stumble around while confused and next to your ballistomycete?
Okay, then.
Drink which item? (? for menu, Esc to quit)
Okay, then.
Evoke which item? (* to show all) (? for menu, Esc to quit)
Zapping:
t - a wand of teleportation (3)
Press: ? - help, Shift-Dir - straight line, f - you, p - hill giant The hill giant struggles to resist.
This wand has 2 charges left.
The hill giant hits you with a dire flail!
* * * LOW HITPOINT WARNING * * *
Are you sure you want to stumble around while confused and next to your ballistomycete? [Y]es or [N]o only, please.
Are you sure you want to stumble around while confused and next to your ballistomycete?
Okay, then.
The hill giant hits you with a dire flail!
You die...
Fedhas appreciates your contribution to the ecosystem.

#...>...'...............
#.......###.#########.#.
#......)# #.# #######.##
#.......###'###....f..##
#.......f...........f..'
#f....................##
#..f..................##
####...C..............##
#...@ff#####.......##
#.....f# #f......##
#.....f# #########
########......#
#......(....#+##
#..............# #####
#..............# #....
#######........#######
#.... #........##....#
#.._.


You could see a hill giant.

Vanquished Creatures
  A sky beast (D:8)
  A black bear (D:6)
  An ogre (D:7)
  An ice beast (D:7)
  2 giant frogs
  2 centaurs
  A water moccasin (D:7)
  2 wights (D:6)
  A hound (D:7)
  2 crimson imps (D:5)
  Crazy Yiuf (D:7)
  3 orc priests
  A giant frog skeleton (D:4)
  3 orc wizards
  A two-headed ogre skeleton (D:8)
  3 worker ants
  2 scorpions
  An ogre skeleton (D:5)
  A worker ant zombie (D:5)
  A mummy (D:7)
  13 adders
  11 gnolls
  A giant mite (D:5)
  A giant centipede zombie (D:7)
  A scorpion zombie (D:6)
  An adder skeleton (D:5)
  An iguana skeleton (D:5)
  4 giant eyeballs
  3 giant geckos
  2 oozes
  30 orcs
  5 giant cockroaches
  9 goblins
  17 hobgoblins
  7 jackals
  A quokka (D:4)
  A ball python (D:3)
  15 bats
  6 giant newts
  13 kobolds
  A kobold zombie (D:5)
  An orc skeleton (D:4)
  11 rats
  A rat skeleton (D:4)
187 creatures vanquished.

Vanquished Creatures (collateral kills)
  A wight (D:6)
  2 hounds (D:6)
  2 worker ants (D:6)
  A giant gecko (D:6)
6 creatures vanquished.

Vanquished Creatures (others)
  A hyperactive ballistomycete (D:6)
  A wandering mushroom (D:6)
  A giant spore (D:6)
  56 toadstools
59 creatures vanquished.

Grand Total: 252 creatures vanquished

Notes
Turn   | Place    | Note
--------------------------------------------------------------
     0 | D:1      | Mitsuki, the Minotaur Fighter, began the quest for the Orb.
     0 | D:1      | Reached XP level 1. HP: 19/19 MP: 0/0
   211 | D:1      | Reached XP level 2. HP: 20/26 MP: 0/0
   296 | D:1      | Reached skill level 4 in Armour
   610 | D:2      | Reached XP level 3. HP: 26/33 MP: 1/1
   686 | D:2      | Found a glowing golden altar of the Shining One.
   808 | D:2      | Reached skill level 1 in Dodging
   846 | D:2      | Reached XP level 4. HP: 38/40 MP: 1/1
   968 | D:2      | Found a shimmering altar of Xom.
   969 | D:2      | You fall through a shaft!
   985 | D:4      | Noticed an ogre
  1376 | D:3      | Reached XP level 5. HP: 46/46 MP: 1/1
  1423 | D:3      | Found a bloodstained altar of Trog.
  1554 | D:3      | Reached skill level 5 in Armour
  1725 | D:3      | Reached skill level 5 in Shields
  2002 | D:4      | Paralysed by a giant eyeball for 4 turns
  2043 | D:4      | Reached XP level 6. HP: 53/53 MP: 2/2
  2551 | D:3      | Gained mutation: You are robust (+10% HP). [potion of mutation]
  2551 | D:3      | Gained mutation: Your mind is acute. (Int +2) [potion of mutation]
  2551 | D:3      | Gained mutation: You occasionally shout uncontrollably. [potion of mutation]
  3081 | D:5      | Entered Level 5 of the Dungeon
  3083 | D:5      | Found a staircase to the Ecumenical Temple.
  3093 | Temple   | Entered the Ecumenical Temple
  3155 | Temple   | Became a worshipper of Fedhas Madash
  3453 | D:5      | Reached skill level 5 in Fighting
  3698 | D:5      | Reached skill level 6 in Armour
  3750 | D:5      | Reached XP level 7. HP: 66/66 MP: 2/2
  3783 | D:5      | Found Kudunwid's Jewellery Shoppe.
  3989 | D:6      | Acquired Fedhas' first power
  4082 | D:6      | Reached skill level 5 in Polearms
  4089 | D:6      | Got a dazzling mace
  4090 | D:6      | Identified the +8,+0 mace "Wur Azy" {freeze, rN+ Dex+4} (You found it on level 6 of the Dungeon)
  4284 | D:6      | Reached skill level 1 in Invocations
  4632 | D:6      | Reached XP level 8. HP: 53/74 MP: 4/4
  4767 | D:6      | Paralysed by a giant eyeball for 2 turns
  4771 | D:6      | Paralysed by a giant eyeball for 2 turns
  5055 | D:7      | Noticed Crazy Yiuf
  5066 | D:7      | Killed Crazy Yiuf
  5066 | D:7      | Reached skill level 7 in Armour
  5157 | D:6      | Found an iron altar of Okawaru.
  5244 | D:8      | Acquired Fedhas' second power
  5257 | D:8      | Identified a scroll of acquirement
  5696 | D:7      | Found Mnan Seafoni's Magic Scroll Emporium.
  5723 | D:8      | Paralysed by a giant eyeball for 3 turns
  5782 | D:7      | Found Huv Apy's Antique Armour Boutique.
  5896 | D:7      | Found a basalt altar of Yredelemnul.
  5896 | D:7      | Noticed a hill giant
  6197 | D:7      | Paralysed by a giant eyeball for 3 turns
  6568 | D:6      | Mangled by a hill giant

Action                   |  1- 3 |  4- 6 |  7- 9 || total
-------------------------+-------+-------+-------++-------
Melee: Trident           |   100 |   296 |   306 ||   702
Invok: Evolution         |       |       |     2 ||     2
Evoke: Wand              |       |     1 |     2 ||     3
  Use: Scroll            |     4 |    13 |     9 ||    26
       Potion            |       |     8 |     2 ||    10
 Stab: Confused          |       |       |     1 ||     1
